Map: Submarine LE

Players

RazerBlader

  • Race: Terran Terran
  • League: Master
  • Spawn Location: 11:00

Seither - Winner!

  • Race: Terran Terran
  • League: Grandmaster
  • Spawn Location: 5:00

Event: DreamHack SC2 Masters 2020 Winter

VOD

Have the link to the VOD?

Description

Time

  • Played on: Oct. 21, 2020, 7:50 a.m.
  • Length: 14:33

All games in this series

Show
View Real Time Build Order
Export as new Build Order

RazerBlader Terran 

Build Orders:  

Get SALT Encoding   

  12  0:00  SCV  
  13  0:12  SCV  
  14  0:17  Supply Depot  
  14  0:24  SCV  
  14  0:28  Refinery  
  15  0:38  SCV  
  16  0:45  Barracks  
  16  0:50  SCV  
  16  0:55  Refinery  
  17  1:03  SCV  
  18  1:15  SCV  
  19  1:32  Orbital Command  
  19  1:34  Reaper  
  19  1:37  Factory  
  20  1:45  Supply Depot  
  20  1:58  SCV  
  21  2:06  Reaper  
  22  2:10  SCV  
  23  2:20  Hellion  
  23  2:22  SCV  
  26  2:27  Command Center  
  26  2:35  SCV  
  27  2:38  Reaper  
  27  2:42  Hellion  
  27  2:43  Supply Depot  
  30  2:49  SCV  
  31  2:54  Starport  
  31  3:05  SCV  
  32  3:07  Factory Tech Lab  
  32  3:18  Barracks Reactor  
  32  3:19  SCV, Refinery  
  33  3:27  Cyclone  
  33  3:31  SCV  
  35  3:38  Starport Tech Lab  
  31  3:42  Orbital Command  
  31  3:47  SCV  
  31  3:54  Marine x2  
  33  3:56  Raven  
  33  4:00  SCV  
  33  4:02  Supply Depot  
  36  4:06  Siege Tank  
  36  4:09  SCV  
  40  4:11  Marine  
  40  4:12  SCV, Marine  
  43  4:21  SCV  
  44  4:24  SCV  
  44  4:29  Marine  
  44  4:30  Marine  
  47  4:33  SCV  
  47  4:36  SCV  
  47  4:37  Supply Depot  
  49  4:39  Raven  
  49  4:45  SCV  
  52  4:46  Siege Tank  
  52  4:47  Marine x2  
  52  4:48  SCV  
  52  4:51  Supply Depot  
  58  4:57  SCV  
  59  5:00  SCV  
  59  5:05  Marine x2  
  61  5:09  SCV  
  61  5:12  SCV  
  57  5:21  SCV  
  57  5:25  SCV  
  61  5:29  Siege Tank  
  61  5:33  SCV  
  63  5:37  SCV, Viking x2  
  63  5:38  Marine  
  63  5:41  Stimpack  
  69  5:45  SCV, Supply Depot  
  69  5:49  SCV  
  71  5:53  Supply Depot  
  71  5:55  Marine  
  72  5:58  SCV  
  72  6:01  SCV  
  72  6:03  Siege Tank  
  77  6:07  Viking, Supply Depot  
  79  6:19  SCV  
  79  6:22  Command Center  
  79  6:24  SCV  
  81  6:26  Marine  
  81  6:27  Supply Depot  
  81  6:29  Viking  
  84  6:37  Viking  
  81  6:48  Siege Tank  
  81  6:49  SCV  
  75  6:55  Marine  
  75  6:56  SCV  
  74  7:01  SCV  
  74  7:05  Viking  
  74  7:07  Viking  
  79  7:09  SCV, Barracks x2  
  79  7:14  Marine  
  82  7:18  Refinery  
  82  7:22  Siege Tank  
  85  7:27  Engineering Bay x2  
  85  7:28  SCV x2  
  86  7:31  Combat Shield  
  86  7:34  Marine  
  89  7:52  Marine  
  89  7:55  SCV  
  89  7:56  Orbital Command  
  87  7:59  Terran Infantry Weapons Level 1, Terran Infantry Armor Level 1  
  87  8:03  Barracks  
  87  8:06  Barracks  
  87  8:08  SCV  
  87  8:09  SCV, Barracks Reactor x2  
  87  8:12  Marine  
  90  8:18  Siege Tank  
  93  8:21  SCV  
  93  8:26  Orbital Command  
  94  8:29  SCV, Marine  
  94  8:30  Refinery  
  94  8:33  SCV, Refinery  
  97  8:36  Armory  
  97  8:37  Supply Depot  
  97  8:41  SCV  
  98  8:42  Medivac  
  98  8:45  SCV  
  98  8:47  Marine  
  102  8:50  Marine x3  
  102  8:51  Marine  
  107  9:01  Siege Tank  
  110  9:05  Marine  
  110  9:07  Barracks Reactor x2  
  110  9:08  SCV, Marine x2  
  110  9:09  SCV  
  114  9:12  SCV  
  114  9:15  Supply Depot, Sensor Tower  
  115  9:18  Medivac  
  115  9:20  SCV  
  115  9:21  SCV  
  115  9:22  Medivac  
  121  9:24  SCV  
  121  9:29  Marine  
  123  9:32  SCV  
  123  9:33  SCV, Supply Depot, Marine  
  123  9:36  SCV  
  127  9:41  Siege Tank  
  127  9:42  Marine x3  
  127  9:44  SCV, Marine  
  127  9:45  SCV  
  136  9:47  Marine x2  
  136  9:51  Terran Vehicle Weapons Level 1  
  136  9:52  Marine x2  
  138  9:57  Terran Infantry Weapons Level 2  
  138  10:01  Terran Infantry Armor Level 2  
  138  10:05  Marine  
  139  10:13  Siege Tank  
  139  10:14  Marine x4  
  142  10:16  Sensor Tower  
  142  10:20  Supply Depot  
  147  10:22  Supply Depot  
  147  10:23  Factory  
  145  10:29  Marine x2  
  145  10:34  Marine x3  
  145  10:35  Marine  
  148  10:36  Marine  
  148  10:37  Marine  
  148  10:39  Marine  
  146  10:45  Siege Tank  
  146  10:47  Marine x2  
  117  10:51  Marine  
  117  10:52  Marine x2  
  117  10:53  Marine  
  117  10:54  Marine  
  117  10:55  Marine  
  117  10:56  Marine  
  106  11:00  Medivac x2  
  109  11:04  SCV x2  
  109  11:05  Marine x2  
  109  11:08  Factory Tech Lab  
  109  11:09  Marine x2  
  109  11:10  Marine  
  109  11:11  Marine  
  116  11:12  Marine  
  116  11:13  SCV, Command Center  
  116  11:15  Marine  
  119  11:20  Siege Tank  
  119  11:23  Marine  
  124  11:27  Supply Depot, Marine  
  124  11:29  Marine, Siege Tank  
  124  11:31  Marine  
  124  11:32  Marine  
  130  11:42  Marine x3  
  130  11:44  Marine  
  130  11:45  Marine x2  
  130  11:46  Medivac  
  138  11:47  Marine  
  139  11:55  Marine x2  
  139  11:56  Terran Vehicle Weapons Level 2  
  139  11:59  Siege Tank  
  139  12:00  Marine x3  
  147  12:02  Marine  
  147  12:05  Siege Tank  
  147  12:08  Medivac  
  153  12:09  Marine x2  
  153  12:13  Supply Depot  
  155  12:16  Medivac, Marine  
  155  12:17  Marine  
  155  12:19  Marine  
  160  12:24  Marine x3  
  160  12:25  Marine  
  164  12:31  Marine x2  
  164  12:34  Marine  
  164  12:36  Supply Depot  
  167  12:46  Marine  
  167  12:48  Marine x2  
  167  12:50  Marine  
  171  12:58  Siege Tank  
  171  13:03  Siege Tank  
  177  13:08  Marine x4  
  177  13:09  Marine x3  
  177  13:12  Marine  
  176  13:13  Marine  
  178  13:26  Marine x4  
  182  13:28  Marine  
  182  13:30  Marine, Siege Tank  
  182  13:31  Marine  
  188  13:40  Siege Tank  
  188  13:41  Marine x2  
  189  13:45  Marine x3  
  165  13:57  Marine x4  
  165  13:59  Marine  
  165  14:00  Marine  
  142  14:03  Marine x3  
  137  14:15  Marine x4  
Show
View Real Time Build Order
Export as new Build Order

Seither Terran - Winner!

Build Orders:  

Get SALT Encoding   

  12  0:00  SCV  
  13  0:12  SCV  
  14  0:17  Supply Depot  
  14  0:24  SCV  
  15  0:38  SCV  
  15  0:40  Barracks  
  16  0:44  Refinery  
  16  0:50  SCV  
  16  0:53  Refinery  
  17  1:03  SCV  
  18  1:15  SCV  
  19  1:27  Orbital Command  
  19  1:28  Reaper  
  19  1:29  Supply Depot  
  20  1:42  Factory  
  20  1:54  SCV  
  20  2:00  Reaper  
  22  2:06  SCV  
  23  2:19  SCV  
  24  2:25  Command Center  
  24  2:31  SCV  
  24  2:32  Hellion  
  24  2:34  Barracks Reactor  
  27  2:40  Supply Depot  
  27  2:43  SCV  
  28  2:51  Starport  
  28  2:55  SCV, Widow Mine  
  31  3:07  SCV  
  32  3:13  Marine x2  
  32  3:19  SCV  
  35  3:23  Factory Tech Lab  
  35  3:26  Refinery  
  35  3:30  Starport Tech Lab  
  35  3:31  SCV  
  35  3:38  Orbital Command  
  35  3:42  Marine x2  
  35  3:43  SCV  
  35  3:44  Cyclone  
  41  3:52  Medivac  
  43  3:55  SCV  
  43  3:58  Supply Depot  
  43  4:02  Marine x2  
  45  4:06  SCV  
  45  4:07  SCV  
  48  4:18  SCV, Supply Depot  
  48  4:20  SCV, Siege Tank  
  48  4:23  Marine x2  
  55  4:29  Raven  
  55  4:30  SCV  
  58  4:34  SCV, Supply Depot  
  59  4:42  SCV, Marine x2  
  62  4:46  SCV  
  63  4:54  SCV  
  63  4:56  Siege Tank  
  63  4:58  SCV  
  67  5:06  SCV  
  67  5:10  SCV  
  67  5:12  Marine  
  67  5:13  Marine  
  67  5:15  Raven  
  67  5:18  SCV  
  67  5:19  Command Center  
  67  5:20  Refinery  
  68  5:22  SCV  
  68  5:28  Siege Tank  
  72  5:30  SCV  
  72  5:31  Supply Depot  
  72  5:33  Marine x2  
  72  5:34  SCV  
  77  5:42  SCV  
  77  5:46  SCV  
  78  5:52  Marine x2  
  78  5:54  SCV  
  78  5:55  Supply Depot  
  81  5:58  Raven  
  81  5:59  SCV  
  81  6:02  Barracks x2  
  84  6:06  Supply Depot  
  84  6:07  SCV  
  85  6:14  Siege Tank  
  81  6:25  SCV x2, Engineering Bay x2  
  83  6:32  Supply Depot, Orbital Command  
  83  6:33  Supply Depot  
  83  6:37  SCV x2  
  65  7:02  Barracks Reactor, Terran Infantry Weapons Level 1, Terran Infantry Armor Level 1  
  65  7:03  Barracks Reactor  
  65  7:05  Siege Tank  
  65  7:08  SCV x2  
  66  7:11  Stimpack, Marine  
  66  7:12  Viking x2  
  66  7:14  Barracks  
  66  7:15  Barracks  
  72  7:17  Supply Depot  
  72  7:18  SCV  
  72  7:20  SCV  
  74  7:24  Bunker  
  74  7:26  SCV  
  74  7:28  Marine  
  76  7:35  SCV x2  
  78  7:38  SCV  
  78  7:41  Supply Depot  
  79  7:46  Marine  
  80  7:53  Viking x2  
  80  7:54  Marine x2, Siege Tank  
  89  7:59  SCV x2  
  89  8:00  SCV  
  89  8:03  Supply Depot  
  89  8:04  Marine  
  93  8:07  Sensor Tower  
  93  8:08  Marine  
  93  8:09  Barracks Reactor x2, Marine  
  93  8:11  Orbital Command, Marine  
  93  8:12  Marine  
  97  8:20  SCV x2  
  97  8:22  Marine  
  97  8:26  Marine  
  101  8:28  Viking x2  
  101  8:33  SCV x2  
  106  8:52  Marine  
  106  8:53  Marine x6  
  106  8:54  Marine x2, Siege Tank  
  118  9:01  Orbital Command  
  122  9:06  Viking  
  122  9:07  Liberator  
  123  9:12  SCV x2  
  125  9:24  Marine x5  
  125  9:25  Marine x3  
  125  9:27  Armory, Supply Depot, Combat Shield, Marine, Siege Tank  
  125  9:28  Supply Depot  
  137  9:32  SCV  
  137  9:33  SCV, Refinery  
  137  9:34  Refinery  
  139  9:42  Marine  
  140  9:46  SCV x2  
  142  9:54  Medivac  
  142  9:55  Medivac  
  142  9:56  Marine  
  142  9:57  Marine x7  
  142  9:59  Command Center  
  154  10:00  Supply Depot x2  
  154  10:05  Marine  
  154  10:06  Siege Tank  
  157  10:14  Marine x2  
  157  10:15  Supply Depot  
  157  10:18  Terran Infantry Armor Level 2, Terran Infantry Weapons Level 2  
  157  10:20  Marine x2  
  157  10:21  Marine x2  
  163  10:22  Factory  
  159  10:30  Command Center  
  159  10:35  Marine x3, Sensor Tower  
  159  10:36  Marine  
  135  10:54  Marine x8  
  135  10:56  Siege Tank  
  138  11:06  Barracks Reactor  
  138  11:09  Medivac x2  
  142  11:12  Supply Depot, Marine x7  
  149  11:20  Marine  
  149  11:22  Siege Tank  
  153  11:28  Starport, Siege Tank  
  153  11:29  Starport, Marine x3  
  159  11:34  Marine x3  
  159  11:35  Marine  
  159  11:37  Marine  
  164  11:42  SCV x2  
  164  11:43  SCV  
  166  11:51  Missile Turret x3  
  165  11:57  Refinery, Marine x2  
  165  11:58  Marine x5  
  165  12:00  Refinery  
  172  12:02  Liberator x2  
  177  12:15  Marine  
  177  12:16  Marine x2, Siege Tank  
  177  12:17  Siege Tank  
  186  12:25  Terran Vehicle Weapons Level 1  
  186  12:28  Marine  
  186  12:29  Marine x5  
  190  12:37  Marine x3  
  190  12:41  Planetary Fortress  
  193  12:44  Starport Tech Lab x2  
  193  12:50  Viking x2  
  196  13:08  Raven x2  
  196  13:12  Marine x4  
  200  13:20  Command Center  
  200  13:22  Command Center  
  199  13:27  Marine x2  
  181  13:49  Siege Tank x2  
  181  13:50  Marine x4  
  181  13:51  Marine x3  
  190  13:59  Marine x2  
  190  14:00  Viking x2  
  190  14:01  Marine  
  193  14:08  Marine x4  
  193  14:09  Marine x2  
  199  14:28  Command Center  
  199  14:30  Command Center  
Tags
 
Add a new tag
Caveats
  • Supply blocks, unpowered buildings, or Contaminate may cause inaccurate times.
  • Supply counts are checked every 10 seconds.